Map: Torres del ocaso

Players

Xandros

  • Race: Zerg Zerg

IA (Muy difícil) 1 - Winner!

  • Race: Terran Terran

VOD

Have the link to the VOD?

Description

Time

  • Played on: Nov. 24, 2015, 4:09 a.m.
  • Length: 3:24
Show
View Real Time Build Order
Export as new Build Order

Xandros Zerg 

Build Orders: Hatch First 

Get SALT Encoding   

  12  0:04  Drone  
  13  0:12  Drone  
  14  0:19  Overlord  
  14  0:38  Drone  
  15  0:44  Drone  
  15  0:45  Drone  
  17  0:58  Hatchery  
  17  1:04  Drone x2  
  18  1:11  Extractor  
  17  1:13  Drone  
  18  1:23  Spawning Pool  
  17  1:27  Drone  
  18  1:33  Drone  
  19  1:46  Overlord  
  20  2:01  Drone  
  20  2:11  Drone  
  20  2:13  Drone  
  20  2:14  Queen  
  24  2:16  Queen  
  24  2:18  Drone  
  27  2:26  Extractor  
  27  2:28  Zergling x4  
  28  2:40  Drone  
  29  2:54  Hatchery  
Show
View Real Time Build Order
Export as new Build Order

IA (Muy difícil) 1 Terran - Winner!

Build Orders:  

Get SALT Encoding   

  12  0:09  Supply Depot  
  12  0:12  SCV  
  13  0:36  Barracks  
  13  0:43  Barracks  
  13  0:58  SCV, Barracks  
  14  1:10  SCV  
  15  1:23  Marine  
  16  1:27  Barracks  
  16  1:29  Marine  
  17  1:40  Marine  
  17  1:45  Marine  
  19  1:47  Marine  
  19  1:53  Supply Depot  
  20  1:58  Marine  
  21  2:03  Marine  
  21  2:05  Marine  
  23  2:14  Marine  
  24  2:16  Marine  
  24  2:21  Marine  
  26  2:23  Marine  
  27  2:32  Marine  
  27  2:34  Marine  
  29  2:39  Marine  
  29  2:43  Supply Depot  
  30  2:45  Marine  
  31  2:54  Refinery  
  31  3:05  SCV  
Tags
 
Add a new tag
Caveats
  • Supply blocks, unpowered buildings, or Contaminate may cause inaccurate times.
  • Supply counts are checked every 10 seconds.